AoeStats
← rafa

Arabia

509735707Analyzed
1v1 RM · 3d ago on Sep 27, 2026· 33m 5s· 2 players
Game mode
Random Map
Map size
Tiny (2 player)
Population
200
Speed
Normal
Resources
Standard
Victory
Conquest
Starting age
Dark Age
Ending age
Imperial Age
RankedLock teamsTeams togetherTeam positionsShared explorationLock speedFull tech treeHidden civsTurbo modeCheats
Victory
Defeat
🇮🇳 Goths · India
1176
+15
🇦🇷 Magyars · Argentina
1162
-15
rafa
6:38 Loom
9:40 Feudal Age
11:31 Double-Bit Axe
17:09 Horse Collar
24:06 Castle Age
22:49 Bloodlines
24:40 Light Cavalry
lodhaaashish
1:31 Loom
10:25 Feudal Age
10:58 Double-Bit Axe
10:39 Man-at-Arms
11:46 Town Watch
14:45 Scale Mail Armor
14:55 Forging
23:30 Castle Age
24:44 Squires
24:05 Long Swordsman
25:01 Chain Mail Armor
25:22 Iron Casting
24:11 Pikeman
28:50 Wheelbarrow
29:38 Fletching
30:24 Iron Casting
Connection lost

Rejoining the realm…

Still unreachable

The connection could not be restored.

Session expired

The server has moved on; the page needs a fresh start.